 Dungeon Crawl Stone Soup version 0.29.0-4-gdea44cf6ec (webtiles) character file.

Game seed: 14696663354944176718

7 qw the Sneak (level 2, 0/19 HPs)
             Began as a Gargoyle Delver on Sept 10, 2022.
             Slain by Grinder (1 damage)
             ... on level 3 of the Dungeon.
             The game lasted 00:00:12 (514 turns).

qw the Sneak (Gargoyle Delver)                       Turns: 514, Time: 00:00:12

Health: 0/19       AC:  9    Str: 15    XL:     2   Next: 4%
Magic:  2/2        EV:  9    Int: 10    God:
Gold:   38         SH:  0    Dex: 11    Spells: 1/1 levels left

rFire   . . .      SeeInvis .   Y - +1 war axe (drain)
rCold   . . .      Faith    .   (no shield)
rNeg    + . .      Spirit   .   d - +0 scale mail
rPois   inf        Reflect  .   (no helmet)
rElec   +          Harm     .   (no cloak)
rCorr   .          Rampage  .   (no gloves)
Will    .....                   c - +0 pair of boots
Stlth   +.........              (no amulet)
HPRegen 0.06/turn               (no ring)
MPRegen 0.08/turn               (no ring)

@: no status effects
A: sickness immunity, AC +2, negative energy resistance 1, electricity
resistance, torment resistance 1, petrification resistance
a: no special abilities


You were on level 3 of the Dungeon.
You visited 1 branch of the dungeon, and saw 3 of its levels.

You collected 38 gold pieces.


Innate Abilities, Weirdness & Mutations

You are immune to sickness and miasma.
Your stone body is resilient. (AC +2)
You are immune to poison.
You resist negative energy. (rN+)
You are resistant to electric shocks. (rElec)
You are resistant to unholy torment.
You are immune to petrification.


   Skills:
 - Level 3.2 Fighting
 - Level 2.4 Axes
 + Level 0.2 Armour
 - Level 1.5 Dodging
 - Level 5.4 Stealth


You had one spell level left.
You didn't know any spells.
Your spell library was empty.

Inventory:

Hand Weapons
 a - a +0 flail
 Y - a +1 war axe of draining (weapon)
Armour
 c - a +0 pair of boots (worn)
 d - a +0 scale mail (worn)
 i - a +2 leather armour of fire resistance
Wands
 g - a wand of digging (3)
Scrolls
 b - 3 scrolls of identify {unknown}
Potions
 f - a potion of haste

Dungeon Overview and Level Annotations

Branches:
Dungeon (5/15)
 Temple: D:4-7

Altars:
Wu Jian

Shops:
D:3 (?   D:4 ?

Annotations:
D:3 Grinder


Message History

There is an entrance to Wygaith's Magic Scroll Shop here.
445 ||| SHOPLISTING scroll of teleportation (39 gold, have 20).
You can access your shopping list by pressing '$'.
b - a scroll labelled GOUDOC ILIKUOMM
Found a robe.
A frilled lizard comes into view.
Enter note:
Found a hand axe and a human corpse.
You see here a scroll labelled GOUDOC ILIKUOMM.
You miss the frilled lizard.
The frilled lizard completely misses you.
You slash the frilled lizard!
You kill the frilled lizard!
b - 2 scrolls labelled GOUDOC ILIKUOMM (gained 1)
There is an entrance to Qaebanne's Weapon Boutique here.
You now have 38 gold pieces (gained 18).
Found a scroll of magic mapping.
b - 3 scrolls labelled GOUDOC ILIKUOMM (gained 1) Grinder comes into view.
Grinder shouts!
Enter note:
Found a spear.
Grinder gestures at you. Pain shoots through your body!
Grinder hits you but does no damage.
You slash Grinder!
Grinder is moderately wounded.
Grinder hits you but does no damage. x2
You barely miss Grinder.
Grinder is moderately wounded.
Grinder hits you.
You writhe in agony.
You slash Grinder!
Grinder is heavily wounded.
Grinder hits you.
You writhe in agony.
Grinder closely misses you.
You closely miss Grinder.
Grinder is heavily wounded.
Grinder blinks!
Grinder says, "Don't move a muscle."
Grinder hits you!
You writhe in agony.
You die...

........ #.)....#.#
.......#.# ..
#......#.# .
###.#...##.# .
..........# ######5..#
#.# #
#..ยค.@...#+##.## ##
#.#####........## #.
#.#####......#..# #.
#............##.#####.
#######.#....##.##...#
#..?.####..#...#
#.#### ##...... ###
##..... ##....


You could see Grinder.

Vanquished Creatures
  An orc (D:4)
  A hobgoblin (D:4)
  2 quokkas
  A frilled lizard (D:3)
  A kobold (D:4)
6 creatures vanquished.

Notes
Turn   | Place    | Note
-------+----------+-------------------------------------------
     0 | D:5      | qw the Gargoyle Delver began the quest for the Orb.
     0 | D:5      | Reached XP level 1. HP: 14/14 MP: 1/1
     0 | D:5      | 0 ||| qw: Version: 0.1-a-116-g5d60599
     0 | D:5      | 0 ||| qw: Game counter: 9483
     0 | D:5      | 0 ||| qw: Always use a shield: true
     0 | D:5      | 0 ||| qw: God list: Okawaru
     0 | D:5      | 0 ||| qw: Allow faded altars: false
     0 | D:5      | 0 ||| qw: Do Orc after D:15 true
     0 | D:5      | 0 ||| qw: Do second Lair branch before Depths: true
     0 | D:5      | 0 ||| qw: Lair rune preference: random
     0 | D:5      | 0 ||| qw: Plans: Normal
     0 | D:5      | 0 ||| PLANNING D:1-11
    41 | D:5      | Found an ornate altar of the Wu Jian Council.
    56 | D:5      | 56 ||| UPGRADING to +0 ring mail.
    66 | D:5      | 66 ||| DROPPING +0 leather armour.
    67 | D:5      | 67 ||| DROPPING scroll of fog.
    99 | D:5      | 99 ||| DROPPING scroll of magic mapping.
   100 | D:5      | 100 ||| DROPPING scroll of fear.
   127 | D:4      | 127 ||| Stepping ~*~*~tactically~*~*~ (stealth).
   128 | D:4      | 128 ||| Stepping ~*~*~tactically~*~*~ (stealth).
   129 | D:4      | 129 ||| Stepping ~*~*~tactically~*~*~ (stealth).
   133 | D:4      | 133 ||| Stepping ~*~*~tactically~*~*~ (stealth).
   137 | D:4      | 137 ||| Stepping ~*~*~tactically~*~*~ (stealth).
   138 | D:4      | 138 ||| Stepping ~*~*~tactically~*~*~ (stealth).
   140 | D:4      | 140 ||| Stepping ~*~*~tactically~*~*~ (stealth).
   299 | D:4      | 299 ||| SWAPPING to +1 war axe of draining.
   300 | D:4      | 300 ||| DROPPING +0 hand axe.
   309 | D:4      | Found Vuwn's Magic Scroll Boutique.
   321 | D:4      | Reached XP level 2. HP: 19/19 MP: 2/2
   323 | D:4      | 323 ||| DROPPING +0 club.
   325 | D:4      | 325 ||| SHOPLISTING 2 scrolls of identify (44 gold, have
                  | 20).
   325 | D:4      | 325 ||| SHOPLISTING scroll of enchant armour (82 gold, have
                  | 20).
   411 | D:4      | 411 ||| UPGRADING to +0 pair of boots.
   416 | D:4      | 416 ||| UPGRADING to +0 scale mail.
   426 | D:4      | 426 ||| DROPPING +0 ring mail.
   427 | D:4      | 427 ||| READING scroll labelled KEWIPHOSIG.
   437 | D:3      | Found Wygaith's Magic Scroll Shop.
   445 | D:3      | 445 ||| SHOPLISTING scroll of teleportation (39 gold, have
                  | 20).
   460 | D:3      | Found Qaebanne's Weapon Boutique.
   506 | D:3      | Noticed Grinder
   514 | D:3      | HP: 1/19 [Grinder (7)]
   514 | D:3      | Slain by Grinder

Levels and vault maps discovered:
D:3:      cheibrodos_thug_alley, layout_basic, overflow_temple_1_default,
          serial_shops, nicolae_diamond_shop, shop,
          nicolae_shop_bloodbath_and_beyond, shop, shop, uniq_grinder
D:4:      layout_gridville, nzn_hepliaklqana_mist_gate, serial_shops,
          nicolae_diamond_shop, minmay_misc_feat_four_crosses
D:5:      layout_loops_corners, kennysheep_little_box, nzn_wu_jian_council_hall,
          grunt_qazlal_clouds, mainiacjoe_overflow_paths, serial_shops, shop

Skill      XL: |  1 |
---------------+----+-----
Axes           | 2 |  2.4
Fighting       | |  3.2
Armour         | |  0.2
Dodging        | |  1.5
Stealth        | |  5.4

Action                   || total
-------------------------++-------
Melee: Hand axe          ||    14
       War axe           ||     7
  Use: Scroll            ||     1
Armor: Ring mail         ||     5
       Scale mail        ||     3
Dodge: Dodged            ||     8

Table legend:
 A = Non-vault XP
 B = Vault XP
 C = Vault XP percentage of total XP
 D = Non-vault monster count
 E = Vault monster count
 F = Vault count percentage of total count
                 A         B        C        D         E       F
            +---------+---------+-------+---------+---------+-------
      Total |      11 |       0 |   0.0 |       6 |       0 |   0.0
            +---------+---------+-------+---------+---------+-------
        D:3 |       1 |       0 |   0.0 |       1 |       0 |   0.0
        D:4 |       8 |       0 |   0.0 |       4 |       0 |   0.0
        D:5 |       2 |       0 |   0.0 |       1 |       0 |   0.0
            +---------+---------+-------+---------+---------+-------
